[Event "Team 45 45 League T29"]
[Site "Internet Chess Club"]
[Date "2006.01.26"]
[Round "6"]
[White "Bort"]
[Black "rph"]
[Result "1-0"]
[WhiteElo "1986"]
[BlackElo "1810"]
[TimeControl "2700+45"]

1. d4 Nf6 2. c4 e5 3. dxe5 Ng4 4. Nf3 Bc5 5. e3 Nc6 6. Be2 O-O 7. O-O Re8 8. Nc3
Ngxe5 9. Nxe5 Nxe5 10. Ne4 Bf8 11. Ng3 a5 12. f4 Nc6 13. e4 Bc5+ 14. Kh1 d6 15.
Bd2 Qh4 16. Bc3 Bb4 17. Qc2 Bxc3 18. Qxc3 Bg4 19. Bxg4 Qxg4 20. Rf3 Qe6 21. Nh5
f6 22. Rg3 Re7 23. Nxf6+ Kh8 24. Nh5 Rg8 25. f5 Qe5 26. Qd2 Rf7 27. Nf4 g6 28.
Nxg6+ hxg6 29. fxg6 Rf4 30. Rg4 Rgf8 31. g7+ {Black resigns} 1-0  aics%

[Event "Team 45 45 League T29"]
[Site "Internet Chess Club"]
[Date "2006.01.30"]
[Round "6"]
[White "room-matt"]
[Black "forketta"]
[Result "1/2-1/2"]
[WhiteElo "1878"]
[BlackElo "1908"]
[TimeControl "2700+45"]

1. e4 e6 2. d4 d5 3. Nc3 Bb4 4. e5 c5 5. Bd2 Ne7 6. f4 Nf5 7. Nf3 Nc6 8. dxc5
Bxc5 9. Bd3 Nh4 10. Nxh4 Qxh4+ 11. g3 Qh3 12. Bf1 Qh6 13. Nb5 O-O 14. Bc3 Bd7
15. Qd2 a6 16. Nd4 b5 17. Nxc6 Bxc6 18. Bg2 Rfc8 19. O-O-O g6 20. a3 Bb6 21. Ba5
Bc5 22. h4 Qf8 23. b4 Ba7 24. Rh2 d4 25. h5 Bxg2 26. Qxg2 Rc3 27. hxg6 fxg6 28.
Kb2 Rac8 29. Rd2 Qf7 30. Rd3 Rxc2+ 31. Qxc2 Rxc2+ 32. Kxc2 Qd7 33. Rhd2 Kg7 34.
Kb2 Qc8 35. Rc2 Qb8 36. Rc7+ Kh6 37. Re7 Qc8 38. Rc7 Qb8 39. g4 g5 40. Rh3+ Kg6
41. Rhxh7 Qf8 42. Rxa7 gxf4 43. Rhe7 f3 44. Rxe6+ Kg5 45. Rd6 f2 46. Bd8+ Qxd8
47. Rxd8 f1=Q 48. Rg8+ Kh4 49. Rh8+ Kg3 50. Re8 Qe2+ 51. Kb1 Qd3+ 52. Ka2 Qc2+
53. Ka1 Qc3+ 54. Ka2 {Game drawn by mutual agreement} 1/2-1/2  aics%

[Event "Team 45 45 League T29"]
[Site "Internet Chess Club"]
[Date "2006.01.30"]
[Round "6"]
[White "burnsja2003"]
[Black "chessateer"]
[Result "0-1"]
[WhiteElo "1742"]
[BlackElo "1834"]
[TimeControl "2700+45"]

1. d4 Nf6 2. c4 Nc6 3. Nf3 e6 4. Bg5 h6 5. Bh4 Bb4+ 6. Nc3 g5 7. Bg3 Ne4 8. Qc2
Nxg3 9. hxg3 g4 10. d5 gxf3 11. dxc6 fxe2 12. cxd7+ Bxd7 13. Bxe2 Bc6 14. Bf3
Bxf3 15. gxf3 Qd7 16. O-O Bf8 17. Rad1 Qc6 18. Ne4 Bg7 19. Rd3 O-O 20. b3 f5 21.
Nc3 Rad8 22. Kg2 Rxd3 23. Qxd3 Qa6 24. a4 Qa5 25. Ne2 Qc5 26. Nf4 Qe7 27. Ng6
Qd8 28. Qe2 Re8 29. Rd1 Qf6 30. Nf4 e5 31. Nd5 Qf7 32. Qd2 c6 33. Nc3 Qe6 34.
Qd7 Qf7 35. Qxf7+ Kxf7 36. Rd7+ Re7 37. Rxe7+ Kxe7 38. Ne2 Kd6 39. b4 a5 40. c5+
Kd5 41. bxa5 Kxc5 42. g4 fxg4 43. fxg4 Kb4 44. Kf3 Kxa5 45. Ke4 Kxa4 46. Ng3 b5
47. Nf5 Bf8 48. Kxe5 b4 49. Kd4 b3 50. Kc3 Bb4+ 51. Kb2 c5 52. Nxh6 c4 53. Nf5
c3+ 54. Kb1 c2+ 55. Kc1 Ba3+ {White resigns} 0-1  aics%

[Event "Team 45 45 League T29"]
[Site "Internet Chess Club"]
[Date "2006.01.26"]
[Round "6"]
[White "twinders"]
[Black "rjml"]
[Result "0-1"]
[WhiteElo "1773"]
[BlackElo "1957"]
[TimeControl "2700+45"]

1. d4 Nf6 2. c4 e6 3. Nc3 Bb4 4. Nf3 b6 5. Bg5 h6 6. Bh4 Bb7 7. e3 g5 8. Bg3 Ne4
9. Rc1 Bxc3+ 10. bxc3 d6 11. Bd3 h5 12. h3 Nxg3 13. fxg3 Nd7 14. O-O g4 15. Nh4
gxh3 16. gxh3 Qg5 17. Rf3 Bxf3 18. Qxf3 O-O-O 19. Kh2 Rdg8 20. c5 bxc5 21. Rb1
Nb6 22. dxc5 Qxc5 23. Qxf7 Qxe3 24. Ba6+ Kb8 25. Qd7 Qxg3+ 26. Kh1 Qxh3# {White
checkmated} 0-1  aics%

[Event "Team 45 45 League T29"]
[Site "Internet Chess Club"]
[Date "2006.01.30"]
[Round "6"]
[White "MaunaKeaMike"]
[Black "BIRDSMAN"]
[Result "1/2-1/2"]
[WhiteElo "1775"]
[BlackElo "1510"]
[TimeControl "2700+45"]

1. Nf3 c5 2. g3 Nc6 3. Bg2 b6 4. O-O Bb7 5. e4 d6 6. d4 cxd4 7. Nxd4 Qd7 8. Nc3
Nf6 9. Bg5 Qg4 10. Bxf6 Qxd1 11. Rfxd1 gxf6 12. Ndb5 Rc8 {Game drawn by mutual
agreement} 1/2-1/2  aics%

[Event "Team 45 45 League T29"]
[Site "Internet Chess Club"]
[Date "2006.01.29"]
[Round "6"]
[White "klassact"]
[Black "Mississippian"]
[Result "1-0"]
[WhiteElo "1304"]
[BlackElo "1422"]
[TimeControl "2700+45"]

1. e4 d6 2. Nf3 Nf6 3. Nc3 g6 4. Bc4 Bg7 5. O-O O-O 6. h3 c5 7. d4 cxd4 8. Nxd4
Qc7 9. Be2 a6 10. a4 Nbd7 11. Re1 b6 12. Nd5 Nxd5 13. exd5 Bb7 14. c4 Ne5 15. b3
Nd7 16. Bb2 Rfe8 17. Qd2 Nc5 18. b4 Ne4 19. Qe3 Nf6 20. a5 b5 21. cxb5 Nxd5 22.
Qd2 e5 23. bxa6 exd4 24. axb7 Qxb7 25. b5 Nc3 26. b6 Nxe2+ 27. Rxe2 Rxe2 28.
Qxe2 d3 29. Qd2 Bxb2 30. Qxb2 Qa6 31. Qb4 d5 32. Rc1 Qxa5 33. Rc8+ {Black
resigns} 1-0  aics%

[Event "Team 45 45 League T29"]
[Site "Internet Chess Club"]
[Date "2006.01.29"]
[Round "6"]
[White "WesleyCrusher"]
[Black "syy89"]
[Result "0-1"]
[WhiteElo "2057"]
[BlackElo "2129"]
[TimeControl "2700+45"]

1. e4 e5 2. Nf3 Nc6 3. Bb5 a6 4. Ba4 Nf6 5. O-O b5 6. Bb3 Bc5 7. c3 d6 8. d4 Bb6
9. dxe5 Nxe5 10. Nxe5 dxe5 11. Qe2 Bg4 12. Qc2 O-O 13. c4 Bd4 14. cxb5 axb5 15.
Nc3 Qd7 16. Bg5 Nh5 17. Nd5 Ra6 18. Ne3 Rg6 19. Bh4 Bh3 20. Bg3 Nxg3 21. hxg3
Bxe3 22. fxe3 Rxg3 23. Rf2 Be6 24. Bxe6 Qxe6 25. Rd1 Rxe3 26. Qxc7 h6 27. a3 Kh7
28. Qb7 Qg4 29. Rd7 Re1+ 30. Rf1 Rxf1+ 31. Kxf1 f5 32. Qxb5 Rc8 33. Qd3 Rc1+ 34.
Kf2 Qf4+ 35. Qf3 Qh4+ 36. Ke3 Qe1+ 37. Qe2 f4+ {White resigns} 0-1  aics%

[Event "Team 45 45 League T29"]
[Site "Internet Chess Club"]
[Date "2006.01.26"]
[Round "6"]
[White "DTK"]
[Black "trevor21"]
[Result "0-1"]
[WhiteElo "2144"]
[BlackElo "2159"]
[TimeControl "2700+45"]

1. e4 e6 2. d4 d5 3. e5 c5 4. c3 Nc6 5. Nf3 Bd7 6. Bd3 Qb6 7. O-O cxd4 8. cxd4
Nxd4 9. Ng5 Be7 10. Nc3 Rc8 11. Qg4 Nc6 12. Re1 Nh6 13. Qh5 Qd4 14. Qe2 Qg4 15.
Nf3 O-O 16. h3 Qh5 17. Nb5 a6 18. Nd6 Bxd6 19. exd6 Nb4 20. Bxh7+ Kxh7 21. Ng5+
Kg6 22. g4 Qh4 23. Nf3 Qd8 24. Bxh6 gxh6 25. Rac1 Bb5 26. Ne5+ Kg7 27. Qd2 Rxc1
28. Rxc1 Qxd6 29. Qd4 f6 30. Nc4 Bxc4 31. Rxc4 Nc6 32. Qd2 d4 {White resigns}
0-1  aics%

[Event "Team 45 45 League T29"]
[Site "Internet Chess Club"]
[Date "2006.01.28"]
[Round "6"]
[White "Quoyle"]
[Black "quangliem"]
[Result "1-0"]
[WhiteElo "2430"]
[BlackElo "2480"]
[TimeControl "2700+45"]

1. d4 Nf6 2. c4 e6 3. Nc3 Bb4 4. f3 d5 5. a3 Be7 6. e4 dxe4 7. fxe4 c5 8. d5 e5
9. Nf3 Bd6 10. Be2 Bg4 11. O-O a6 12. Nh4 Bxe2 13. Qxe2 h6 14. Nf5 Bf8 15. Qf3
Nbd7 16. d6 g6 17. Nd5 Qb8 18. Nxf6+ Nxf6 19. Nxh6 Qxd6 20. Ng4 Nd7 21. Qxf7+
Kd8 22. Bg5+ Kc7 23. Rad1 Qc6 24. Nf6 Bd6 25. Nxd7 Kc8 26. Nf6 Bc7 27. Nd5 Kb8
28. Qxc7+ Qxc7 29. Nxc7 Kxc7 30. Rf7+ Kc6 31. Rdd7 Rab8 32. Rc7+ Kb6 33. Be3
Rhc8 34. Bxc5+ Ka5 35. Rxb7 Rxb7 36. Rxb7 {Black resigns} 1-0  aics%

[Event "Team 45 45 League T29"]
[Site "Internet Chess Club"]
[Date "2006.01.30"]
[Round "6"]
[White "MrPetrov"]
[Black "phoenix10q72"]
[Result "0-1"]
[WhiteElo "2222"]
[BlackElo "2291"]
[TimeControl "2700+45"]

1. e4 c5 2. Nf3 d6 3. d4 cxd4 4. Nxd4 Nf6 5. Nc3 a6 6. Be3 Ng4 7. Bg5 h6 8. Bh4
g5 9. Bg3 Bg7 10. h3 Ne5 11. Be2 Nbc6 12. Nb3 Be6 13. Nd5 Rc8 14. O-O O-O 15. c3
Bxd5 16. exd5 Na5 17. Nd4 Qd7 18. Bxe5 dxe5 19. Bg4 f5 20. Nxf5 Rxf5 21. Qd3
Rcf8 22. b4 Nc6 23. Bxf5 Rxf5 24. Qc4 Nd8 25. d6+ e6 26. Qc7 Rf7 27. Rad1 Nc6
28. Qb6 e4 29. c4 Ne5 30. Rd4 Rf4 31. Qc7 Rf7 32. Qb6 g4 33. hxg4 Rf4 34. f3 Nc6
35. Rdd1 exf3 36. Qc7 Rf7 37. Qxd7 Rxd7 38. Rxf3 Nd4 39. Re3 Rxd6 40. c5 Ne2+
41. Kf2 Rxd1 42. Kxe2 Rb1 43. Rxe6 Rxb4 44. c6 bxc6 45. Rxc6 Rb2+ {White
resigns} 0-1  aics%

[Event "Team 45 45 League T29"]
[Site "Internet Chess Club"]
[Date "2006.01.29"]
[Round "6"]
[White "Neo-Myshkin"]
[Black "tgralex"]
[Result "1-0"]
[WhiteElo "1871"]
[BlackElo "1722"]
[TimeControl "2700+45"]

1. e4 e5 2. Nf3 Nc6 3. Bb5 Bc5 4. c3 d6 5. d4 exd4 6. cxd4 Bb4+ 7. Nc3 Bxc3+ 8.
bxc3 a6 9. Ba4 b5 10. Bb3 h6 11. O-O Nge7 12. Qe2 O-O 13. h3 Ng6 14. Nh2 Kh8 15.
f4 f5 16. Qh5 Qe8 17. e5 dxe5 18. fxe5 f4 19. Ng4 Rf5 20. Nf6 Rxh5 21. Nxe8 Ra7
22. e6 Na5 23. Bc2 Nf8 24. e7 Kg8 {Black resigns} 1-0  aics%

[Event "Team 45 45 League T29"]
[Site "Internet Chess Club"]
[Date "2006.01.30"]
[Round "6"]
[White "Cuby"]
[Black "jonesey"]
[Result "1-0"]
[WhiteElo "2152"]
[BlackElo "1933"]
[TimeControl "2700+45"]

1. b3 e5 2. Bb2 d6 3. e3 Be7 4. Nf3 Bf6 5. d4 exd4 6. Bxd4 Nc6 7. Bb5 Bd7 8.
Bxc6 Bxc6 9. O-O Nh6 10. Bxf6 Qxf6 11. Qd4 Qg6 12. Nbd2 Nf5 13. Qf4 O-O 14. e4
Ne7 15. Nd4 Bd7 16. N2f3 f5 17. e5 Nd5 18. Qd2 c5 19. Nh4 Qg4 20. Ndxf5 Bc6 21.
f3 Qh5 22. c4 Rxf5 23. Nxf5 Qxf5 24. cxd5 Bb5 25. Rfe1 dxe5 26. d6 Bc6 27. Qc3
e4 28. Qc4+ Bd5 29. fxe4 {Black resigns} 1-0  aics%

[Event "Team 45 45 League T29"]
[Site "Internet Chess Club"]
[Date "2006.01.30"]
[Round "6"]
[White "virginiaknight"]
[Black "Phosphorus"]
[Result "1-0"]
[WhiteElo "2228"]
[BlackElo "2172"]
[TimeControl "2700+45"]

1. e4 c5 2. Nf3 d6 3. d4 cxd4 4. Nxd4 Nf6 5. Nc3 g6 6. Be3 Bg7 7. f3 O-O 8. Qd2
Nc6 9. Bc4 Bd7 10. O-O-O Ne5 11. Bb3 Qa5 12. h4 Rfc8 13. Kb1 Nc4 14. Bxc4 Rxc4
15. Nb3 Qa6 16. e5 dxe5 17. Nc5 Rxc5 18. Bxc5 {Black resigns} 1-0  aics%

[Event "Team 45 45 League T29"]
[Site "Internet Chess Club"]
[Date "2006.01.28"]
[Round "6"]
[White "nightflier"]
[Black "ikalel"]
[Result "1-0"]
[WhiteElo "1982"]
[BlackElo "1911"]
[TimeControl "2700+45"]

1. d4 Nf6 2. c4 c5 3. d5 g6 4. Nc3 d6 5. e4 Bg7 6. Nf3 Bg4 7. Be2 Bxf3 8. Bxf3
O-O 9. h4 Nbd7 10. h5 Ne5 11. Be2 Qd7 12. Bg5 Qc7 13. f4 Ned7 14. hxg6 fxg6 15.
Qd3 Rf7 16. Qh3 a6 17. e5 dxe5 18. f5 e4 19. fxg6 hxg6 20. O-O-O Nf8 21. Rdf1
N8h7 22. Bf4 Qa5 23. Bg4 Nxg4 24. Qxh7+ Kf8 25. Qxg6 Bxc3 26. Bc7 Bxb2+ 27. Kb1
Rxf1+ 28. Rxf1+ Nf6 29. Bxa5 Bd4 30. Bd2 {Black resigns} 1-0  aics%

[Event "Team 45 45 League T29"]
[Site "Internet Chess Club"]
[Date "2006.01.29"]
[Round "6"]
[White "crankn8tr"]
[Black "az2112"]
[Result "0-1"]
[WhiteElo "1564"]
[BlackElo "1638"]
[TimeControl "2700+45"]

1. e4 c5 2. Nf3 d6 3. d4 cxd4 4. Nxd4 Nf6 5. Nc3 a6 6. Be3 Bd7 7. f3 Nc6 8. g4
e5 9. Nb3 Be7 10. h4 Be6 11. h5 h6 12. Qd2 d5 13. exd5 Nxd5 14. Nxd5 Qxd5 15.
Qxd5 Bxd5 16. Be2 Bg5 17. Bxg5 hxg5 18. O-O-O O-O-O 19. c3 Ne7 20. Rhf1 g6 21.
hxg6 Nxg6 22. Bd3 Nf4 23. Be4 Bxe4 24. fxe4 Rxd1+ 25. Rxd1 Rh4 26. Nc5 Rxg4 27.
Rd7 b6 {White resigns} 0-1  aics%

[Event "Team 45 45 League T29"]
[Site "Internet Chess Club"]
[Date "2006.01.29"]
[Round "6"]
[White "qs16"]
[Black "AVEMARIA"]
[Result "0-1"]
[WhiteElo "1662"]
[BlackElo "1618"]
[TimeControl "2700+45"]

1. d4 Nf6 2. Bg5 d5 3. Nd2 Bf5 4. Bxf6 exf6 5. e3 Bd6 6. f4 O-O 7. Bd3 Bxd3 8.
cxd3 Re8 9. Kf2 c5 10. Ngf3 Nc6 11. dxc5 Bxc5 12. d4 Bb6 13. Qb3 Qd7 14. Rhe1
Rac8 15. Rac1 Ba5 16. a3 g5 17. Qd3 gxf4 18. exf4 Qg4 19. g3 Qg6 20. f5 Qg4 21.
b4 Bb6 22. Nb3 Re4 23. Nh4 Rce8 24. Nc5 Bxc5 25. dxc5 Nd4 26. Nf3 Qxf5 27. Re3
Rxe3 28. Qxf5 Nxf5 29. b5 Rxa3 30. c6 bxc6 31. bxc6 Rc8 32. Ne1 Nd4 33. Ng2 Rxc6
34. Re1 Rc2+ 35. Kf1 Raa2 {White resigns} 0-1  aics%

[Event "Team 45 45 League T29"]
[Site "Internet Chess Club"]
[Date "2006.01.29"]
[Round "6"]
[White "JesterFox"]
[Black "GadsHill"]
[Result "0-1"]
[WhiteElo "1517"]
[BlackElo "1618"]
[TimeControl "2700+45"]

1. c4 e6 2. Nc3 d5 3. cxd5 exd5 4. d4 c5 5. dxc5 d4 6. Ne4 Nc6 7. a3 Bf5 8. Nd6+
Bxd6 9. cxd6 Qxd6 10. Nf3 Nf6 11. g3 O-O 12. Bg2 Rfe8 13. O-O Rad8 14. Bf4 Qe6
15. Re1 h6 16. Kf1 Ng4 17. Kg1 g5 18. Bc1 Nf6 19. b4 Qc4 20. Bb2 Ne4 21. Rc1 Nc3
22. Qd2 Nxe2+ 23. Rxe2 Qxe2 24. Qxe2 Rxe2 25. Ba1 d3 26. Rd1 Rc2 27. b5 d2 28.
Nxd2 Rdxd2 29. Re1 Nd4 {White resigns} 0-1  aics%

[Event "Team 45 45 League T29"]
[Site "Internet Chess Club"]
[Date "2006.01.28"]
[Round "6"]
[White "hansolo1000"]
[Black "SeniorCitizen"]
[Result "1-0"]
[WhiteElo "1642"]
[BlackElo "1344"]
[TimeControl "2700+45"]

1. d4 d5 2. c4 e6 3. Nc3 Nf6 4. Nf3 Be7 5. Bf4 O-O 6. e3 Bd7 7. Rc1 c6 8. Bd3
Nh5 9. Bg3 f5 10. Ne5 Be8 11. Qb3 b6 12. Ne2 Qc8 13. cxd5 exd5 14. Qxd5+ cxd5
15. Rxc8 Bc6 16. Rxf8+ Kxf8 17. Bxf5 Bb4+ 18. Nc3 g6 19. Nxc6 Nxc6 20. Bd7 Bxc3+
21. bxc3 Rc8 22. Bxc8 {Black resigns} 1-0  aics%

[Event "Team 45 45 League T29"]
[Site "Internet Chess Club"]
[Date "2006.01.30"]
[Round "6"]
[White "C-Jones"]
[Black "GoIrish"]
[Result "0-1"]
[WhiteElo "1559"]
[BlackElo "1613"]
[TimeControl "2700+45"]

1. e4 d6 2. d4 Nf6 3. Nc3 g6 4. h3 Bg7 5. Nf3 O-O 6. Bc4 Nxe4 7. Nxe4 d5 8. Bd3
dxe4 9. Bxe4 c6 10. O-O Nd7 11. c3 Nf6 12. Bc2 Qc7 13. Re1 Nd5 14. Bg5 f6 15.
Bd2 Bd7 16. Qc1 Rae8 17. Bb3 Kh8 18. Re2 e5 19. dxe5 fxe5 20. c4 Nf4 21. Bxf4
Rxf4 22. Qe3 c5 23. Rae1 e4 24. Ng5 h6 25. g3 Rff8 26. Nxe4 Bxh3 27. Qxc5 Qxc5
28. Nxc5 Rxe2 29. Rxe2 b6 30. Ne4 Bg4 31. Rd2 h5 32. Nd6 Bf3 33. Ba4 Rf6 34. Ne8
Re6 35. Kf1 Bf8 36. Rd8 Kh7 37. b3 Bb4 38. Rd7+ Kh6 39. Rxa7 Re1# {White
checkmated} 0-1  aics%

[Event "Team 45 45 League T29"]
[Site "Internet Chess Club"]
[Date "2006.01.30"]
[Round "6"]
[White "TheBrewer"]
[Black "Fegary"]
[Result "1-0"]
[WhiteElo "1578"]
[BlackElo "1592"]
[TimeControl "2700+45"]

1. d4 d6 2. Nf3 Nf6 3. Nbd2 g6 4. e4 Bg7 5. Bd3 b6 6. O-O Bb7 7. Qe2 Nbd7 8. c3
e6 9. Re1 Qe7 10. Nf1 h5 11. Bg5 Qf8 12. h3 Nh7 13. Bh4 f6 14. e5 O-O-O 15. exd6
Qxd6 16. Bg3 e5 17. dxe5 Nxe5 18. Nxe5 fxe5 19. Be4 Ng5 20. Bxb7+ Kxb7 21. Bxe5
Bxe5 22. Qxe5 Nf7 23. Qxd6 Nxd6 24. Ne3 Kc6 25. Rad1 Rd7 26. Rd3 Rf8 27. Red1
Rdf7 28. f3 Nb7 29. Nc4 Re7 30. Kf2 Rfe8 31. Re3 b5 32. Rxe7 Rxe7 33. Ne3 Nc5
34. Nd5 Rd7 35. Nb4+ Kb6 36. Rxd7 Nxd7 37. Nd5+ Kc6 38. Ne7+ Kd6 39. Nxg6 Nf6
40. g4 hxg4 41. hxg4 Ke6 42. Nf4+ Ke5 43. Ke3 c6 44. Nd3+ Ke6 45. Nb4 c5 46. Nd3
Nd5+ 47. Ke4 Nf6+ 48. Ke3 Nd5+ 49. Kf2 c4 50. Nc5+ Ke5 51. Kg3 Nf6 52. Ne4 Nd5
53. g5 a6 54. Kf2 Nf4 55. Kg3 Ne2+ 56. Kg4 Ke6 57. f4 Kf7 58. f5 Nc1 59. g6+ Kg7
60. Kg5 Nd3 61. f6+ Kg8 62. Kf5 Kf8 63. g7+ Kg8 64. Nd6 Nxb2 65. Kg6 {Black
resigns} 1-0  aics%

[Event "Team 45 45 League T29"]
[Site "Internet Chess Club"]
[Date "2006.01.28"]
[Round "6"]
[White "chesskix"]
[Black "AlPearson"]
[Result "1-0"]
[WhiteElo "1432"]
[BlackElo "1473"]
[TimeControl "2700+45"]

1. Nf3 Nf6 2. c4 c5 3. g3 b6 4. Bg2 Bb7 5. O-O e6 6. Nc3 Be7 7. d3 d5 8. Ne5
Nbd7 9. Bf4 O-O 10. e4 dxe4 11. dxe4 Nxe5 12. Bxe5 Nd7 13. Bf4 Bf6 14. Qg4 Ne5
15. Bxe5 Bxe5 16. Rad1 Qf6 17. f4 Bd4+ 18. Kh1 Bxc3 19. bxc3 Qxc3 20. Rc1 Qf6
21. Rfd1 Rad8 22. Kg1 Ba6 23. e5 Qe7 24. Bf1 Rxd1 25. Qxd1 Rd8 26. Qa4 Qb7 27.
Rd1 Rxd1 28. Qe8# {Black checkmated} 1-0  aics%

[Event "Team 45 45 League T29"]
[Site "Internet Chess Club"]
[Date "2006.01.27"]
[Round "6"]
[White "ElmerHo"]
[Black "MPknight"]
[Result "1-0"]
[WhiteElo "1658"]
[BlackElo "1575"]
[TimeControl "2700+45"]

1. e4 c5 2. Nf3 d6 3. d4 cxd4 4. Nxd4 Nf6 5. Nc3 a6 6. f3 e5 7. Nb3 Be6 8. Be3
Nbd7 9. Qd2 Be7 10. O-O-O Qc7 11. Kb1 b5 12. g4 Nb6 13. g5 Nfd7 14. Nd5 Bxd5 15.
exd5 Nc4 16. Bxc4 bxc4 17. Na5 Rc8 18. Nc6 Qb7 19. Qb4 Qxb4 20. Nxb4 Ra8 21. Nc6
Bd8 22. Nxd8 Kxd8 23. Rhg1 g6 24. Rg4 Rc8 25. c3 Ke7 26. h4 Rc7 27. Kc2 Rb8 28.
b3 cxb3+ 29. axb3 Rcb7 30. b4 Ra8 31. Ra1 Rb5 32. Ra5 Rxa5 33. bxa5 Rb8 34. Rb4
Kd8 35. Kd3 Kc7 36. Rc4+ Kd8 37. Rc6 Rb5 38. Rxd6 Rxa5 39. Bb6+ {Black resigns}
1-0  aics%

[Event "Team 45 45 League T29"]
[Site "Internet Chess Club"]
[Date "2006.01.30"]
[Round "6"]
[White "charles-allen"]
[Black "GolferBob"]
[Result "1/2-1/2"]
[WhiteElo "1540"]
[BlackElo "1710"]
[TimeControl "2700+45"]

1. e4 c5 2. d4 cxd4 3. c3 dxc3 4. Nxc3 Nc6 5. Nf3 d6 6. Bc4 e6 7. O-O Nf6 8. Qe2
Be7 9. Rd1 e5 10. h3 O-O 11. Be3 Be6 12. Rac1 Rc8 13. Bb3 a6 14. Bxe6 fxe6 15.
Ng5 Qd7 16. Bb6 Bd8 17. Na4 Qe7 18. Nf3 Nd7 19. Be3 b5 20. Nc3 Bb6 21. Bxb6 Nxb6
22. Nxb5 axb5 23. Qxb5 Nd4 24. Nxd4 exd4 25. Qxb6 e5 26. Rxc8 Rxc8 27. Qb3+ Kh8
28. a4 Qc7 29. Kf1 Rb8 30. Qd5 h6 31. a5 Qc2 32. Ra1 Rxb2 33. Qf7 Rb1+ 34. Rxb1
Qxb1+ 35. Ke2 Qxe4+ 36. Kd2 Qb1 37. Qc4 Qb2+ 38. Kd3 Qa3+ 39. Ke4 Qxa5 40. Qc8+
Kh7 41. Qf5+ Kg8 42. Qc8+ Kf7 43. Qd7+ Kg8 44. Qc8+ Kf7 45. Qd7+ Kg8 46. Qc8+
{Game drawn by repetition} 1/2-1/2  aics%

[Event "Team 45 45 League T29"]
[Site "Internet Chess Club"]
[Date "2006.01.26"]
[Round "6"]
[White "john-beebs"]
[Black "one-over"]
[Result "1/2-1/2"]
[WhiteElo "1585"]
[BlackElo "1466"]
[TimeControl "2700+45"]

1. e4 e5 2. Nf3 Nc6 3. Nc3 Nf6 4. Bb5 Nd4 5. Bc4 Bc5 6. Nxe5 Qe7 7. Nxf7 Rf8 8.
Ng5 h6 9. Nf3 Nxe4 10. O-O Nxf3+ 11. gxf3 Qg5+ 12. Kh1 Nxf2+ 13. Rxf2 Bxf2 14.
d4 Qh5 15. Qe2+ Kd8 16. Nd5 Qxf3+ 17. Qxf3 Rxf3 18. Bf4 c6 19. Kg2 cxd5 20. Kxf3
dxc4 21. Kxf2 d5 22. Be5 g6 23. Re1 Bf5 24. Bf6+ Kd7 25. Re7+ Kc6 26. c3 Rf8 27.
Be5 Bd7+ 28. Ke3 h5 29. Rg7 Bf5 30. h4 Rc8 31. Rf7 Kb6 32. Bd6 Kc6 33. Rf6 Kb5
34. Rf7 Kc6 35. Rf6 Kb5 36. Kf4 Be4 37. Kg5 a5 38. Kh6 a4 39. a3 Rc6 40. Kg7 Ka6
41. Kf7 Bf5 42. Ke7 Kb6 {Game drawn by mutual agreement} 1/2-1/2  aics%

[Event "Team 45 45 League T29"]
[Site "Internet Chess Club"]
[Date "2006.01.29"]
[Round "6"]
[White "RingLord"]
[Black "Rainbird"]
[Result "1/2-1/2"]
[WhiteElo "1654"]
[BlackElo "1665"]
[TimeControl "2700+45"]

1. e4 c6 2. Nc3 d5 3. exd5 cxd5 4. d4 Nc6 5. Nf3 Bg4 6. Bb5 e6 7. h3 Bh5 8. g4
Bg6 9. Ne5 Qc7 10. Bf4 Bd6 11. h4 O-O-O 12. Bxc6 bxc6 13. h5 f6 14. Nxg6 hxg6
15. Bxd6 Qxd6 16. Qd3 Ne7 17. Qa6+ Kb8 18. Na4 Qb4+ 19. c3 Qb5 20. Qxb5+ cxb5
21. Nc5 Nc6 22. O-O-O e5 23. dxe5 fxe5 24. Ne6 Rd7 25. hxg6 Rxh1 26. Rxh1 Re7
27. Rh8+ Kb7 28. Nc5+ Kb6 29. b4 a5 30. a3 axb4 31. axb4 d4 32. Kc2 e4 33. cxd4
Nxd4+ 34. Kd2 Nc6 35. Kc3 e3 36. fxe3 Rxe3+ 37. Kd2 Rg3 38. Rg8 Rxg4 39. Rxg7
Nxb4 40. Nd7+ Ka5 41. Ne5 Rg2+ 42. Kd1 Nd5 43. Rg8 Ne3+ 44. Kc1 Kb4 45. Rc8 Rg1+
46. Kd2 Nc4+ 47. Nxc4 bxc4 48. Rb8+ Kc5 49. Rg8 Kd4 50. g7 Rg2+ 51. Ke1 Kc3 52.
Kf1 Rg6 53. Ke2 Kc2 54. Ke3 c3 55. Ke4 Kc1 56. Kf5 Rg2 57. Kf6 c2 58. Rc8 Kd2
59. Rd8+ Kc3 60. Rc8+ Kd2 61. Kf7 Rxg7+ {Game drawn by mutual agreement} 1/2-1/2
 aics%

[Event "Team 45 45 League T29"]
[Site "Internet Chess Club"]
[Date "2006.02.01"]
[Round "6"]
[White "clarinetref"]
[Black "jacknor"]
[Result "1-0"]
[WhiteElo "1578"]
[BlackElo "1555"]
[TimeControl "2700+45"]

1. Nf3 d5 2. c4 d4 3. g3 b6 4. d3 Bb7 5. Bg2 c5 6. O-O Nf6 7. a3 Nbd7 8. b4 e6
9. bxc5 bxc5 10. Nbd2 Rc8 11. Nb3 Be7 12. Bd2 O-O 13. a4 Ba8 14. e3 dxe3 15.
Bxe3 Ng4 16. Bd2 Nge5 17. Ba5 Qe8 18. Re1 Ng6 19. Bc3 h5 20. h4 Bf6 21. Qc2 Qd8
22. Bxf6 Qxf6 23. Nbd2 Rfd8 24. Ne4 Qe7 25. Rad1 Nf6 26. Nfg5 Ne5 27. Qe2 g6 28.
Nxf6+ Qxf6 29. Qxe5 Qxe5 30. Rxe5 Bxg2 31. Kxg2 f6 32. Rxe6 fxg5 33. Rxg6+ Kh7
34. Rxg5 Kh6 35. Re5 Rd7 36. Re6+ Kh7 37. f4 Rcc7 38. Kf3 Rg7 39. Re5 Kh6 40. d4
cxd4 41. Rxd4 Rg6 42. c5 Rcc6 43. f5 Rgf6 44. Kf4 a5 45. Rd6 {Black resigns} 1-0
 aics%

[Event "Team 45 45 League T29"]
[Site "Internet Chess Club"]
[Date "2006.01.29"]
[Round "6"]
[White "EyeAm"]
[Black "Just-Jim"]
[Result "0-1"]
[WhiteElo "1358"]
[BlackElo "1471"]
[TimeControl "2700+45"]

1. e4 e5 2. Nf3 Nc6 3. Bc4 h6 4. d4 exd4 5. Nxd4 Bc5 6. Bxf7+ Kxf7 7. Qh5+ g6 8.
Qxc5 Nge7 9. O-O d6 10. Nxc6 bxc6 11. Qc4+ Be6 12. Qe2 c5 13. c4 Nc6 14. Be3 Ne5
15. b3 Qh4 16. f3 Kg7 17. Qf2 Qf6 18. Nd2 g5 19. Qe2 Qg6 20. Qf2 h5 21. Qg3 Nf7
22. f4 h4 23. Qf2 gxf4 24. Qxf4 Rh5 25. Qf2 Ng5 26. Bxg5 Qxg5 27. Qe2 Bg4 28.
Qd3 Rah8 29. Nf3 Bxf3 30. Rxf3 R5h6 31. Qc3+ Kg8 32. Raf1 Qe5 33. Rf8+ Kh7 34.
Rxh8+ Kxh8 35. Qxe5+ dxe5 36. Rf7 Rd6 37. Kf1 Rd1+ 38. Ke2 Ra1 39. a4 Rb1 40.
Rxc7 Rb2+ 41. Kf1 Rxb3 42. Rxc5 Kg7 43. Rxe5 Kf6 44. Rf5+ Ke6 45. Kf2 Rb4 46. c5
Rxe4 47. Rf3 Rxa4 48. Rc3 Kd7 49. c6+ Kc7 50. g3 Ra2+ 51. Kf3 Rxh2 52. g4 Rh3+
53. Kf4 Rxc3 54. g5 Rxc6 55. Kg4 a5 56. Kxh4 a4 57. Kh5 a3 58. g6 Rxg6 59. Kxg6
a2 60. Kf5 a1=Q 61. Ke4 Qd1 62. Ke5 Qd3 63. Ke6 Qd6+ 64. Kf5 Kd7 65. Ke4 Ke7 66.
Ke3 Ke6 67. Ke4 Qd5+ 68. Ke3 Ke5 69. Kf2 Qe4 70. Kg3 Kf5 71. Kf2 Kg4 72. Kf1 Qe3
73. Kg2 Qe2+ 74. Kg1 Kg3 {White resigns} 0-1  aics%

[Event "Team 45 45 League T29"]
[Site "Internet Chess Club"]
[Date "2006.01.28"]
[Round "6"]
[White "onslaught"]
[Black "syy89"]
[Result "1/2-1/2"]
[WhiteElo "2160"]
[BlackElo "2115"]
[TimeControl "2700+45"]

1. e4 c5 2. Nf3 Nc6 3. d4 cxd4 4. Nxd4 Nf6 5. Nc3 e5 6. Ndb5 d6 7. Bg5 a6 8. Na3
b5 9. Bxf6 gxf6 10. Nd5 f5 11. Bxb5 axb5 12. Nxb5 Ra4 13. Nbc7+ Kd7 14. b4 Rxb4
15. O-O Rb7 16. Qh5 Rxc7 17. Qxf7+ Ne7 18. Rab1 Ba6 19. Nf6+ Kc8 20. Qe6+ Rd7
21. Nxd7 Qxd7 22. Rb8+ Kc7 23. Qb3 Qc6 24. Rb1 Nc8 25. Qf7+ Be7 26. exf5 {Game
drawn by mutual agreement} 1/2-1/2  aics%